 Dungeon Crawl Stone Soup version 0.25.1-2-g60ff931df9 (webtiles) character file.

Game seed: 14548363274222462032

28 gruber the Stinger (level 3, 0/21 HPs)
             Began as an Octopode Venom Mage on Dec 1, 2020.
             Slain by a worm (12 damage)
             ... on level 2 of the Dungeon.
             The game lasted 00:01:21 (924 turns).

gruber the Stinger (Octopode Venom Mage)             Turns: 924, Time: 00:01:22

Health: 0/21       AC:  1    Str:  7    XL:     3   Next: 14%
Magic:  6/6        EV: 13    Int: 18    God:
Gold:   19         SH:  0    Dex: 12    Spells: 5/6 levels left

rFire    . . .     SeeInvis .   h - +2 dagger (vamp)
rCold    . . .     Gourm    .   (no shield)
rNeg     . . .     Faith    .   (helmet restricted)
rPois    .         Spirit   .   (no amulet)
rElec    .         Reflect  .   (no ring)
rCorr    .         Harm     .   (no ring)
MR       .....                  (no ring)
Stlth    +++.......             (no ring)
HPRegen  0.07/turn              (no ring)
MPRegen  0.10/turn              (no ring)
                                (no ring)
                                (no ring)

@: no status effects
A: almost no armour, stealthy swim, amphibious, 8 rings, constrict 8, camouflage
1, gelatinous body 1
a: no special abilities


You were on level 2 of the Dungeon.
You were not hungry.

You visited 1 branch of the dungeon, and saw 2 of its levels.

You collected 19 gold pieces.

Inventory:

Hand Weapons
 h - a +2 vampiric dagger (weapon)
Scrolls
 d - 3 scrolls of identify {unknown}
 e - 2 scrolls of remove curse {unknown}
 g - 2 scrolls of enchant armour {unknown}
 i - 3 scrolls of teleportation {unknown}
Potions
 a - a potion of resistance {unknown}
 f - a potion of heal wounds {unknown}
Comestibles
 b - 5 rations


   Skills:
 - Level 2.0 Dodging
 - Level 2.6 Stealth
 + Level 2.3 Spellcasting
 - Level 1.0 Transmutations
 + Level 4.7 Poison Magic


You had 5 spell levels left.
You knew the following spells:

 Your Spells              Type           Power        Failure   Level  Hunger
a - Sting                 Tmut/Pois      ##..         5%          1    #......

Your spell library contained the following spells:

 Spells                   Type           Power        Failure   Level  Hunger
 Poisonous Vapours        Pois/Air       ##....       10%         2    ##.....
 Ignite Poison            Fire/Tmut/Pois #.......     24%         3    ###....
 Olgreb's Toxic Radiance  Pois           ###.....     24%         4    #####..
 Mephitic Cloud           Conj/Pois/Air  #.......     26%         3    ###....


Dungeon Overview and Level Annotations

Branches:
Dungeon (1/15)

Altars:


Innate Abilities, Weirdness & Mutations

You cannot wear most types of armour.
You are very stealthy in the water. (Stealth+)
You are amphibious.
You can wear up to eight rings at the same time.
You can use your tentacles to constrict eight enemies at once.
Your skin changes colour to match your surroundings (Stealth+).
Your rubbery body absorbs attacks. (AC +1, EV +1)


Message History

Things that are here:
a +0 whip; 3 stones; a kobold corpse
i - 3 scrolls labeled IRAGAUN IMOORCH (gained 1)
A worm comes into view.
A worm is nearby!
All of the chunks of flesh in your inventory have rotted away.
You hit the worm. Your grab misses the worm.
The worm is lightly wounded.
The worm barely misses you.
You hit the worm. You grab the worm.
The worm is moderately wounded.
You constrict the worm. The worm bites you!
You hit the worm.
You feel better.
You squeeze the worm.
The worm is heavily wounded.
You constrict the worm. You hit the worm but do no damage.
The worm is heavily wounded.
You constrict the worm. The worm bites you!
Ouch! That really hurt!
You die...

#PP.#.# P.P###P #######
.P..PP ## #.....# ....
#..###.....## ...
#.w.......# ########
#@......# #.##...#
######..#
#......####..P###.#
##.#.#.#.########.#####
#.#.#.#.# #....).#
#.#.....# #..###.#
#.###.#.# #####...##.#
#.###.#.###.#..#..##.# ##
#.....#........#..##.##.#


You could see a worm.

Vanquished Creatures
  An adder (D:2)
  A dart slug (D:1)
  A ball python (D:2)
  4 bats
  2 goblins
  A hobgoblin (D:2)
  A frilled lizard (D:1)
  4 kobolds (D:2)
  A rat (D:2)
16 creatures vanquished.

Notes
Turn   | Place    | Note
-------+----------+-------------------------------------------
     0 | D:1      | gruber the Octopode Venom Mage began the quest for the Orb.
     0 | D:1      | Reached XP level 1. HP: 11/11 MP: 3/3
   196 | D:1      | Reached skill level 4 in Poison Magic
   393 | D:1      | You fall into a shaft and drop 1 floor!
   399 | D:2      | Reached XP level 2. HP: 17/17 MP: 5/5
   685 | D:2      | Reached XP level 3. HP: 19/21 MP: 2/6
   924 | D:2      | Slain by a worm

Illustrated notes

Levels and vault maps discovered:
D:1:      minmay_arrival_loop, layout_basic
D:2:      layout_loops_cross, serial_aquarium, aquarium_bridge_square
          [aquarium_subvault_wall, aquarium_subvault_bridge,
          aquarium_subvault_wall, aquarium_subvault_bridge],
          aquarium_bridge_square [aquarium_subvault_window,
          aquarium_subvault_window, aquarium_subvault_bridge,
          aquarium_subvault_window], aquarium_window_fake,
          aquarium_window_corner, aquarium_window_fake, aquarium_view_2c

Skill      XL: |  1 |
---------------+----+-----
Poison Magic   | 4 |  4.7
Dodging        | |  2.0
Stealth        | |  2.6
Spellcasting   | |  2.3
Transmutations | |  1.0

Action                   || total
-------------------------++-------
Melee: Dagger            ||    37
       Constrict         ||    11
       Unarmed           ||     3
       Tentacles         ||     5
 Cast: Sting             ||     2
 Stab: Sleeping          ||     4
Armor: Skin              ||     3
Dodge: Dodged            ||    26
